 Dungeon Crawl Stone Soup version 0.26.0-10-g1f06aea511 (webtiles) character file.

Game seed: 73436787989625396

74 MajorAdolf the Skirmisher (level 4, -1/39 HPs)
             Began as a Demonspawn Wanderer on Jan 18, 2021.
             Slain by an orc
             ... wielding a +2 hand axe of holy wrath
              (6 damage)
             ... on level 3 of the Dungeon.
             The game lasted 00:02:13 (1225 turns).

MajorAdolf the Skirmisher (Demonspawn Wanderer)     Turns: 1225, Time: 00:02:14

Health: -1/39      AC:  6    Str: 16    XL:     4   Next: 10%
Magic:  4/4        EV: 10    Int: 13    God:
Gold:   135        SH:  0    Dex: 10    Spells: 3/3 levels left

rFire    . . .     SeeInvis .   a - +2 spear
rCold    + . .     Faith    .   (no shield)
rNeg     . . .     Spirit   .   j - +0 scale mail
rPois    .         Reflect  .   (no helmet)
rElec    .         Harm     .   (no cloak)
rCorr    .         Rampage  .   (no gloves)
Will     .....                  (no boots)
Stlth    ..........             (no amulet)
HPRegen  0.13/turn              f - ring of protection from cold
MPRegen  0.09/turn              i - ring of flight (curse)

@: no status effects
A: hooves 1, demonic guardian 1, powered by death 1
a: Evoke Flight


You were on level 3 of the Dungeon.
You visited 1 branch of the dungeon, and saw 3 of its levels.

You collected 135 gold pieces.

Inventory:

Hand Weapons
 a - a +2 spear (weapon)
Armour
 d - a +0 robe
 e - a +0 ring mail
 j - a +0 scale mail (worn)
Jewellery
 f - a ring of protection from cold (left hand)
 i - a cursed ring of flight (right hand)
 l - an uncursed ring of see invisible
Scrolls
 b - 2 scrolls of teleportation
 g - a scroll of amnesia {unknown}
 h - 3 scrolls of identify {unknown}
Potions
 c - a potion of curing
 k - a potion of magic {unknown}


   Skills:
 + Level 5.3 Fighting
 + Level 1.2 Axes
 - Level 1.0 Throwing
 + Level 1.2 Armour
 + Level 2.3 Dodging
 - Level 1.0 Stealth
 + Level 1.3 Shields
 - Level 1.0 Evocations


You had 3 spell levels left.
You didn't know any spells.
Your spell library was empty.

Dungeon Overview and Level Annotations

Branches:
Dungeon (3/15)

Altars:


Innate Abilities, Weirdness & Mutations

You have large cloven feet.
A weak demonic guardian rushes to your aid.
You regenerate a little health from kills.


Message History

Unknown command.
You hit the orc. Your kick misses the orc.
The orc is almost dead.
The orc hits you.
The orc hits you with a +2 hand axe of holy wrath.
You convulse.
You completely miss the orc. You kick the orc, but do no damage.
The orc is almost dead.
The orc misses you.
The orc hits you with a +2 hand axe of holy wrath!
You convulse!
* * * LOW HITPOINT WARNING * * *
Unknown command.
You hit the orc. Your kick misses the orc.
The orc is almost dead.
The orc hits you but does no damage.
The orc hits you with a +2 hand axe of holy wrath.
* * * LOW HITPOINT WARNING * * *
You convulse.
You die...

### .. #.# #..
#.. #########.
####..##.(.......
#......†..†.!....
#.##..##o#####...
#.. #@# #.. #o#
#..##.# #...[.#
........###
.........
.#.###..## ..
#... . #...


You could see 2 orcs.

Vanquished Creatures
  An orc priest (D:3)
  An adder (D:2)
  A dart slug (D:2)
  An orc (D:3)
  5 bats (D:1)
  4 giant cockroaches (D:1)
  6 goblins
  3 hobgoblins (D:1)
  4 jackals (D:2)
  2 kobolds
  A frilled lizard (D:3)
  A rat (D:1)
30 creatures vanquished.

Notes
Turn   | Place    | Note
-------+----------+-------------------------------------------
     0 | D:1      | MajorAdolf the Demonspawn Wanderer began the quest for the
                  | Orb.
     0 | D:1      | MajorAdolf set off with the following items: a +2 spear, a
                  | scroll of teleportation, a potion of curing, a +0 robe
     0 | D:1      | Reached XP level 1. HP: 21/21 MP: 1/1
   136 | D:1      | Gained mutation: You have large cloven feet. [demonic
                  | ancestry]
   136 | D:1      | Reached XP level 2. HP: 25/27 MP: 2/2
  1030 | D:2      | Reached skill level 1 in Armour
  1030 | D:2      | Reached skill level 1 in Shields
  1030 | D:2      | Gained mutation: You regenerate a little health from kills.
                  | [demonic ancestry]
  1030 | D:2      | Reached XP level 3. HP: 33/33 MP: 3/3
  1088 | D:3      | Reached skill level 1 in Axes
  1129 | D:3      | Gained mutation: A weak demonic guardian rushes to your
                  | aid. [demonic ancestry]
  1129 | D:3      | Reached XP level 4. HP: 26/39 MP: 4/4
  1225 | D:3      | Slain by an orc

Illustrated notes

Levels and vault maps discovered:
D:1:      doesnt_arrival_eight_statues, layout_basic, st_stairs_12
D:2:      layout_loops_ring, kennysheep_slug_shrine, lemuel_doored_altar,
          minmay_tromino_v2
D:3:      layout_loops_ring, nicolae_overflow_crystal_walls, old_standard_altar

Skill      XL: |  1  2  3 |
---------------+----------+-----
Dodging        | 2 |  2.3
Armour         | 1 |  1.2
Shields        | 1 |  1.3
Axes           | 1 |  1.2
Fighting       | |  5.3
Throwing       | |  1.0
Stealth        | |  1.0
Evocations     | |  1.0

Action                   |  1- 3 |  4- 6 || total
-------------------------+-------+-------++-------
Melee: Spear             |    86 |     6 ||    92
       Kick              |     6 |     2 ||     8
Armor: Ring mail         |     9 |       ||     9
       Scale mail        |    22 |     3 ||    25
Dodge: Dodged            |    35 |     8 ||    43
